Map: Rooftop Terrace

Players

TeejSci

  • Race: Zerg Zerg
  • Spawn Location: 12:00

ratchet

  • Race: Terran Terran
  • Spawn Location: 12:00

ArcEdge

  • Race: Protoss Protoss
  • Spawn Location: 11:00

IIIIIIIIIIII

  • Race: Zerg Zerg
  • Spawn Location: 1:00

Spawn - Winner!

  • Race: Zerg Zerg
  • Spawn Location: 5:00

ETjunior - Winner!

  • Race: Terran Terran
  • Spawn Location: 7:00

Jonathas - Winner!

  • Race: Protoss Protoss
  • League: Diamond
  • Spawn Location: 6:00

WizardShades - Winner!

  • Race: Protoss Protoss
  • League: Diamond
  • Spawn Location: 6:00

VOD

Have the link to the VOD?

Description

Time

  • Played on: Dec. 17, 2017, 9:11 a.m.
  • Length: 17:26
Show
View Real Time Build Order
Export as new Build Order

TeejSci Zerg 

Build Orders: Pool First 

Get SALT Encoding   

  12  0:21  Spawning Pool  
  11  0:26  Drone  
  12  0:31  Overlord  
  12  0:36  Extractor  
  12  0:39  Drone  
  12  0:47  Drone  
  14  0:50  Drone  
  14  1:10  Queen  
  16  1:14  Overlord  
  16  1:22  Zergling x2  
  17  1:26  Zergling x2  
  18  1:38  Metabolic Boost  
  18  1:41  Zergling x2  
  19  1:53  Evolution Chamber  
  19  1:54  Zergling x4  
  20  2:15  Zergling x2  
  20  2:16  Zergling x2  
  22  2:46  Zergling x2  
  22  2:47  Zergling x6, Pneumatized Carapace  
  26  3:00  Zergling x2  
  27  3:10  Spore Crawler  
  26  3:13  Drone  
  27  3:44  Hatchery  
  26  4:03  Drone x4  
  18  5:09  Drone x7  
  25  5:18  Drone  
  25  5:20  Drone x3  
  29  5:26  Spore Crawler  
  29  5:28  Drone  
  26  5:51  Lair  
  26  5:58  Spore Crawler, Zergling x10  
  30  6:11  Drone x3  
  30  6:14  Drone x2  
  35  6:53  Drone x3  
  33  6:57  Extractor  
  33  7:00  Spore Crawler  
  31  7:04  Spore Crawler  
  31  7:05  Spore Crawler  
  31  7:07  Drone x3  
  32  7:16  Spore Crawler  
  32  7:17  Spore Crawler  
  29  7:27  Hydralisk Den  
  26  7:32  Spore Crawler  
  26  7:36  Spore Crawler  
  24  7:45  Drone x3  
  24  7:51  Drone x6  
  33  8:15  Hydralisk  
  33  8:19  Overlord, Drone  
  36  8:39  Spore Crawler  
  35  8:42  Spore Crawler, Drone x2  
  36  8:52  Drone x3  
  39  8:59  Spore Crawler  
  39  9:00  Extractor  
  39  9:01  Extractor  
  36  9:09  Muscular Augments  
  36  9:10  Zerg Missile Weapons Level 1  
  36  9:11  Hydralisk  
  38  9:32  Hydralisk x3  
  38  9:35  Overlord x2  
  44  9:54  Queen  
  44  9:55  Drone  
  44  9:56  Drone x5  
  52  10:07  Hatchery  
  51  10:22  Hydralisk  
  51  10:23  Hydralisk x3  
  51  10:24  Overlord x3  
  59  10:41  Overlord x3  
  59  10:52  Hydralisk x5  
  69  11:03  Hydralisk  
  69  11:04  Hydralisk  
  71  11:05  Zerg Ground Armor Level 1, Evolution Chamber  
  71  11:06  Drone  
  73  11:25  Hydralisk  
  73  11:26  Hydralisk x2  
  73  11:27  Nydus Network  
  73  11:31  Hydralisk  
  80  11:43  Lurker Den  
  79  12:04  Hydralisk x6  
  79  12:05  Hydralisk  
  91  12:27  Hydralisk  
  91  12:28  Hydralisk x3  
  97  12:40  Hydralisk x3  
  103  12:58  Hydralisk x4  
  97  13:01  Hydralisk  
  62  13:42  Hydralisk  
  62  13:43  Hydralisk x8  
  34  14:18  Hydralisk x6  
    15:54  Nydus Canal  
    15:57  Hydralisk x2  
Show
View Real Time Build Order
Export as new Build Order

ratchet Terran 

Build Orders:  

Get SALT Encoding   

  12  0:01  SCV  
  13  0:16  Supply Depot  
  13  0:20  SCV  
  14  0:32  SCV  
  15  0:38  Refinery  
  15  0:45  SCV  
  16  0:57  Barracks  
  16  1:00  SCV  
  17  1:13  SCV  
  17  1:16  Barracks  
  18  1:25  SCV  
  19  1:37  SCV  
  20  1:47  Marine  
  20  1:49  SCV  
  22  1:55  Factory  
  22  1:59  Supply Depot  
  23  2:01  SCV  
  23  2:10  Marine  
  23  2:12  Marine  
  23  2:21  SCV  
  24  2:24  Supply Depot  
  23  2:49  SCV  
  24  2:56  Factory Tech Lab  
  24  3:01  Engineering Bay, SCV  
  24  3:02  Marine x2  
  27  3:22  Siege Tank  
  27  3:23  Command Center  
  30  3:29  Marine x2  
  32  3:37  SCV  
  33  3:43  Missile Turret  
  33  3:47  Marine  
  34  3:49  SCV  
  35  3:58  Siege Tank  
  38  4:05  SCV  
  38  4:08  Missile Turret  
  39  4:13  Refinery  
  39  4:45  Marine x2  
  41  5:02  Hi-Sec Auto Tracking, Marine, Missile Turret  
  41  5:03  Marine  
  43  5:09  SCV  
  43  5:10  Missile Turret  
  44  5:20  Marine  
  45  5:21  SCV  
  45  5:22  Armory  
  45  5:23  SCV  
  47  5:33  SCV  
  47  5:35  SCV  
  49  5:43  Missile Turret  
  49  5:45  SCV  
  49  5:47  SCV  
  51  5:57  SCV  
  51  5:59  SCV  
  51  6:02  Marine  
  54  6:13  Orbital Command  
  54  6:21  Supply Depot  
  54  6:23  Supply Depot  
  54  6:24  Supply Depot  
  54  6:25  Supply Depot, Factory  
  54  6:35  SCV  
  54  6:38  Thor  
  48  6:48  Marine x2  
  50  7:06  Marine  
  43  7:37  Cyclone x2  
  43  7:39  Marine x2  
  51  7:57  Marine  
  41  8:36  SCV  
  42  8:48  SCV  
  40  9:00  SCV  
  41  9:03  Factory Tech Lab  
  41  9:04  Thor  
  47  9:12  SCV  
  47  9:15  Marine x2  
  50  9:17  Factory  
  50  9:20  SCV  
  51  9:24  SCV  
  51  9:25  Refinery  
  51  9:28  Refinery  
  51  9:30  Thor  
  58  9:32  SCV, Marine  
  58  9:33  Marine  
  58  9:36  SCV  
  62  9:39  Terran Vehicle Weapons Level 1  
  62  9:44  SCV  
  63  9:48  SCV  
  63  9:50  Marine  
  63  9:51  Marine  
  66  9:56  SCV  
  67  10:00  Command Center  
  67  10:02  Factory Tech Lab  
  67  10:08  SCV, Marine x2  
  67  10:10  Armory  
  70  10:20  SCV  
  71  10:26  Marine x2  
  73  10:33  SCV  
  73  10:45  SCV  
  74  10:56  Thor  
  74  10:57  Thor  
  86  11:09  Supply Depot  
  86  11:10  Supply Depot  
  86  11:11  Thor, Orbital Command  
  86  11:13  Supply Depot  
  86  11:14  Supply Depot  
  29  12:24  Thor x3  
  28  13:37  Orbital Command  
  28  13:38  Siege Tank x2  
Show
View Real Time Build Order
Export as new Build Order

ArcEdge Protoss 

Build Orders: 1 Gate Expand, Oracle Opening 

Get SALT Encoding   

  12  0:01  Probe  
  13  0:13  Probe  
  14  0:21  Pylon  
  14  0:25  Probe  
  15  0:39  Probe  
  16  0:46  Gateway  
  16  0:47  Assimilator  
  16  0:52  Probe (Chrono Boost)  
  17  1:04  Probe (Chrono Boost)  
  18  1:10  Probe  
  19  1:37  Nexus  
  19  1:43  Cybernetics Core  
  19  1:45  Pylon  
  19  1:54  Assimilator  
  19  2:07  Probe  
  20  2:19  Probe  
  20  2:20  Adept (Chrono Boost)  
  23  2:30  Stargate  
  23  2:31  Probe  
  24  2:52  Probe x2  
  24  2:58  Adept  
  28  3:04  Probe x2  
  30  3:13  Oracle (Chrono Boost)  
  30  3:16  Probe  
  30  3:19  Assimilator  
  34  3:22  Assimilator  
  34  3:25  Pylon  
  34  3:29  Probe  
  35  3:36  Oracle (Chrono Boost)  
  38  3:45  Probe x2  
  40  3:57  Probe x2  
  42  4:09  Probe  
  44  4:10  Probe  
  44  4:21  Probe  
  44  4:22  Probe  
  46  4:33  Probe  
  46  4:34  Probe  
  48  4:59  Void Ray (Chrono Boost)  
  52  5:07  Stargate  
  49  5:08  Pylon  
  49  5:11  Fleet Beacon  
  46  5:22  Pylon  
  46  5:24  Pylon  
  46  5:26  Protoss Air Weapons Level 1  
  46  5:30  Forge  
  46  5:37  Probe (Chrono Boost)  
  46  5:39  Void Ray (Chrono Boost)  
  46  5:42  Pylon  
  51  5:48  Probe (Chrono Boost)  
  51  5:52  Probe  
  49  6:04  Probe  
  43  6:10  Photon Cannon  
  41  6:16  Probe  
  41  6:23  Photon Cannon  
  41  6:24  Photon Cannon  
  37  6:27  Photon Cannon x2  
  37  6:28  Probe  
  38  6:40  Probe  
  33  6:55  Probe (Chrono Boost)  
  33  7:00  Probe (Chrono Boost)  
  28  7:11  Probe (Chrono Boost)  
  28  7:16  Probe  
  29  7:30  Probe (Chrono Boost)  
  29  7:33  Probe (Chrono Boost)  
  30  7:37  Photon Cannon  
  30  7:38  Photon Cannon  
  30  7:42  Probe (Chrono Boost)  
  32  7:45  Probe (Chrono Boost)  
  32  7:55  Carrier  
  38  7:59  Carrier  
  39  8:14  Probe  
  37  8:20  Pylon  
  37  8:26  Probe  
  23  9:31  Probe (Chrono Boost)  
  23  9:36  Carrier (Chrono Boost)  
  32  9:45  Probe x2 (Chrono Boost)  
  33  9:49  Probe (Chrono Boost)  
  33  9:57  Probe  
  34  10:10  Probe (Chrono Boost)  
  36  10:22  Probe (Chrono Boost)  
  36  10:24  Probe (Chrono Boost)  
  39  10:32  Probe x2 (Chrono Boost)  
  39  10:34  Carrier (Chrono Boost)  
  45  10:58  Graviton Catapult  
  45  10:59  Protoss Air Weapons Level 2  
  45  11:01  Probe (Chrono Boost)  
  47  11:15  Probe (Chrono Boost)  
  48  11:20  Probe (Chrono Boost)  
  53  11:42  Carrier (Chrono Boost)  
  53  12:08  Probe (Chrono Boost)  
  55  12:18  Probe (Chrono Boost)  
  55  12:22  Probe  
  62  12:33  Probe  
  62  12:34  Probe  
  58  12:46  Probe x2  
  60  12:58  Probe  
  61  13:10  Probe  
  62  13:22  Probe  
  39  13:34  Probe  
  40  13:46  Probe  
  35  14:12  Nexus  
  35  14:13  Pylon  
  35  14:14  Pylon  
  35  14:17  Assimilator  
  35  14:20  Assimilator  
Show
View Real Time Build Order
Export as new Build Order

IIIIIIIIIIII Zerg 

Build Orders: Hatch First 

Get SALT Encoding   

  12  0:20  Overlord  
  12  0:23  Drone x2  
  14  0:38  Drone  
  15  0:43  Drone  
  16  0:58  Drone  
  16  1:00  Hatchery  
  16  1:19  Drone, Spawning Pool, Extractor  
  16  1:20  Extractor  
  16  1:23  Drone  
  15  1:30  Drone  
  16  1:50  Drone x2  
  18  2:10  Zergling x4  
  18  2:12  Metabolic Boost  
  20  2:19  Queen  
  24  2:22  Zergling x4  
  24  2:34  Zergling x6  
  27  2:48  Lair  
  27  2:56  Drone  
  28  3:11  Extractor  
  28  3:12  Extractor  
  26  3:13  Zergling x2  
  26  3:14  Zergling x2  
  28  3:32  Overlord x2  
  28  3:52  Drone x4  
  28  3:53  Drone x2  
  33  4:08  Zergling x6  
  28  4:32  Spore Crawler  
  28  4:34  Spore Crawler  
  28  4:35  Drone x5  
  29  4:46  Spore Crawler  
  29  4:51  Drone x2  
  28  5:01  Spore Crawler  
  27  5:18  Hydralisk Den  
  26  5:32  Zergling x10  
  26  5:33  Zergling x2  
  29  5:45  Nydus Network  
  29  5:47  Queen  
  27  6:01  Muscular Augments  
  27  6:02  Drone  
  28  6:06  Drone  
  28  6:08  Drone  
  29  6:29  Hydralisk x3  
  25  6:44  Hydralisk  
  19  7:01  Hydralisk  
  2  8:39  Drone  
  3  8:51  Drone x2  
  4  9:15  Drone  
  5  9:35  Drone  
  6  9:52  Drone x3  
  9  10:10  Spore Crawler  
    10:29  Drone  
    10:30  Drone x2  
  3  10:55  Drone  
  4  11:07  Drone  
    11:49  Drone x3  
Show
View Real Time Build Order
Export as new Build Order

Spawn Zerg - Winner!

Build Orders: Pool First 

Get SALT Encoding   

  12  0:07  Extractor  
  11  0:21  Spawning Pool  
  10  0:26  Drone  
  11  0:35  Drone  
  12  0:42  Drone  
  13  0:52  Overlord  
  13  0:58  Drone  
  14  1:11  Zergling x4  
  16  1:19  Metabolic Boost  
  16  1:24  Zergling x2  
  17  1:36  Queen  
  19  1:40  Zergling x2  
  20  1:48  Drone  
  20  1:52  Drone  
  22  2:08  Overlord  
  20  2:46  Drone  
  20  2:47  Drone  
  20  2:48  Hatchery  
  21  2:51  Hatchery  
  21  2:54  Spine Crawler  
  19  3:01  Spore Crawler  
  18  3:11  Drone  
  18  3:12  Drone x2  
  21  3:19  Extractor  
  20  3:22  Drone x2  
  22  3:34  Drone  
  22  3:35  Drone  
  24  3:53  Drone x4  
  28  4:01  Drone  
  29  4:16  Zergling x2  
  30  4:17  Zergling x10  
  35  4:36  Queen  
  35  4:37  Queen  
  39  4:40  Drone  
  38  4:57  Drone  
  38  4:58  Drone x3  
  40  5:17  Lair  
  40  5:26  Zergling x2  
  40  5:27  Zergling x2  
  42  5:32  Overlord  
  42  5:33  Overlord  
  38  5:43  Overlord x2  
  38  5:44  Drone x4  
  42  5:51  Drone  
  42  5:52  Drone x6  
  51  6:08  Zergling x10  
  54  6:16  Extractor  
  53  6:19  Extractor  
  53  6:20  Spore Crawler  
  51  6:30  Hydralisk Den  
  50  6:34  Infestation Pit  
  50  6:37  Evolution Chamber  
  48  6:40  Drone  
  48  6:41  Drone x9  
  58  7:05  Hydralisk  
  58  7:06  Hydralisk x7  
  74  7:11  Extractor  
  74  7:13  Extractor  
  72  7:19  Pathogen Glands  
  72  7:20  Muscular Augments  
  72  7:23  Zerg Missile Weapons Level 1  
  66  7:35  Hydralisk  
  66  7:36  Hydralisk x3  
  73  7:42  Pneumatized Carapace  
  73  7:55  Drone  
  74  8:01  Overlord  
  74  8:02  Overlord x2  
  74  8:11  Overseer  
  74  8:16  Neural Parasite  
  74  8:25  Hatchery  
  73  8:35  Drone  
  73  8:36  Drone x10  
  73  8:37  Drone  
  85  8:43  Hydralisk  
  85  8:45  Hydralisk  
  89  9:24  Overlord  
  89  9:25  Overlord x5  
  89  9:26  Overlord x2  
  89  9:31  Zerg Missile Weapons Level 2  
  89  9:40  Drone x4  
  89  9:43  Hydralisk  
  89  9:44  Hydralisk x6  
  89  9:45  Hydralisk  
  109  9:57  Evolution Chamber  
  108  10:03  Drone x2  
  108  10:04  Drone x9  
  108  10:05  Drone  
  108  10:06  Drone  
  121  10:25  Spine Crawler  
  121  10:28  Spine Crawler  
  119  10:39  Hydralisk  
  119  10:40  Hydralisk x9  
  119  10:41  Hydralisk  
  141  10:44  Extractor  
  141  10:47  Extractor, Drone x3  
  141  10:48  Drone  
  143  11:05  Hydralisk  
  143  11:06  Hydralisk x7  
  159  11:28  Zerg Ground Armor Level 1  
  159  11:31  Infestor x4  
  167  11:33  Overlord x6  
  167  11:34  Overlord  
  167  11:43  Drone  
  167  11:45  Overlord  
  108  12:35  Hydralisk x12  
  108  12:36  Hydralisk x12  
  156  12:53  Hydralisk x6  
  156  12:54  Hydralisk x6  
  172  13:25  Hydralisk  
  172  13:26  Hydralisk x13  
  186  13:32  Overseer  
  172  14:10  Hydralisk x2  
  172  14:11  Hydralisk x10  
  196  14:20  Overseer x2  
  196  14:23  Zerg Ground Armor Level 2  
  194  14:30  Hive  
  186  15:23  Hydralisk  
  186  15:24  Hydralisk x6  
  192  16:27  Hydralisk  
  192  16:28  Hydralisk x3  
  200  16:54  Spire  
  200  16:56  Spire  
  200  16:57  Spire  
Show
View Real Time Build Order
Export as new Build Order

ETjunior Terran - Winner!

Build Orders: MMM Bio 

Get SALT Encoding   

  12  0:01  SCV  
  13  0:13  SCV  
  14  0:25  SCV  
  15  0:29  Supply Depot  
  15  0:50  SCV  
  15  0:52  Barracks  
  16  1:00  Barracks  
  16  1:02  SCV  
  17  1:14  SCV  
  18  1:38  Orbital Command  
  18  1:50  Marine x2, Command Center  
  20  1:59  Supply Depot  
  20  2:05  SCV  
  21  2:18  SCV, Refinery  
  21  2:20  Barracks  
  22  2:30  SCV, Refinery  
  22  2:31  Marine x2  
  25  2:44  SCV  
  25  2:49  Supply Depot  
  26  2:53  Supply Depot  
  26  3:03  Orbital Command  
  26  3:10  Barracks Tech Lab  
  26  3:11  Barracks  
  26  3:18  Factory  
  26  3:20  SCV  
  27  3:30  Barracks Reactor  
  27  3:37  Barracks Tech Lab  
  27  3:40  SCV x2  
  29  3:44  Refinery  
  29  3:49  Marine  
  30  3:56  SCV  
  30  3:58  SCV  
  32  4:07  Marine  
  32  4:08  SCV  
  32  4:10  SCV  
  24  4:24  Marine  
  24  4:25  Marine x2  
  24  4:29  Marine x2  
  13  4:49  Marine x2  
  9  5:01  Marine x3  
  9  5:06  Marine  
  9  5:07  Marine  
  12  5:16  Cyclone  
  15  5:35  SCV x2  
  17  5:47  SCV x2  
  19  5:59  SCV x2  
  19  6:01  Factory Tech Lab  
  21  6:12  Barracks Reactor x2  
  21  6:13  Supply Depot  
  21  6:15  Stimpack  
  21  6:16  SCV  
  21  6:17  SCV  
  23  6:28  SCV  
  23  6:29  SCV  
  25  6:41  SCV x2  
  27  6:53  SCV x2  
  29  7:05  SCV x2  
  29  7:06  Marine x2  
  29  7:07  Marine  
  29  7:08  Marine, Starport  
  34  7:09  Marine  
  36  7:17  SCV x2  
  36  7:18  Engineering Bay  
  38  7:24  Marine x2  
  38  7:27  Marine  
  38  7:29  SCV x2  
  43  7:33  Siege Tank  
  46  7:41  SCV x2  
  48  7:45  Refinery  
  48  7:53  SCV x2, Starport Reactor  
  48  7:56  Marine x4  
  48  7:57  Barracks  
  55  8:05  SCV  
  55  8:06  SCV  
  56  8:17  SCV  
  56  8:18  SCV, Command Center  
  58  8:26  Combat Shields  
  58  8:29  SCV  
  58  8:30  Marauder, Marine  
  62  8:41  SCV  
  63  8:52  Marauder, Barracks Tech Lab  
  63  8:53  SCV  
  63  8:54  Medivac x2  
  70  9:02  Engineering Bay  
  70  9:13  Supply Depot  
  70  9:14  Supply Depot  
  70  9:16  Supply Depot  
  70  9:29  SCV, Medivac x2, Marine x2  
  77  9:40  Barracks, Orbital Command  
  77  9:41  SCV  
  77  9:43  Missile Turret  
  78  9:45  Concussive Shells  
  78  9:47  SCV  
  79  9:53  SCV  
  79  9:59  SCV, Medivac x2  
  85  10:05  SCV  
  85  10:07  SCV  
  87  10:11  SCV  
  88  10:17  Marine x4  
  88  10:18  SCV  
  88  10:19  SCV  
  94  10:23  SCV, Marine x4  
  94  10:27  Terran Infantry Weapons Level 1, Terran Infantry Armor Level 1  
  99  10:29  Medivac  
  99  10:30  SCV  
  99  10:31  SCV  
  99  10:34  Marine  
  99  10:35  Marine x3  
  107  10:38  Barracks Reactor  
  107  10:44  Supply Depot x2  
  107  10:45  Supply Depot  
  107  10:47  Refinery  
  107  10:48  Supply Depot  
  107  10:51  Refinery  
  107  11:04  Supply Depot  
  107  11:05  Supply Depot, Siege Tank  
  107  11:08  SCV x3  
  113  11:15  Armory  
  113  11:16  Medivac x2  
  113  11:17  Marine x4  
  113  11:18  Marauder x2  
  125  11:20  SCV  
  126  11:37  Siege Tank  
  126  12:05  Marine x2  
  126  12:06  Marine x8  
  136  12:09  Siege Tank  
  139  12:23  Marine x3  
  139  12:24  Marine  
  139  12:25  Marauder x2  
  139  12:26  Medivac x2  
  151  12:42  Siege Tank  
  151  12:43  Terran Infantry Armor Level 2  
  154  12:44  Terran Infantry Weapons Level 2  
  154  12:46  Marauder, Marine  
  157  12:56  Marine x7  
  164  12:59  Supply Depot  
  164  13:00  Supply Depot  
  164  13:03  Supply Depot x2  
  164  13:04  Marine  
  165  13:20  Marauder, Medivac x2, Marine x2  
  165  13:22  Thor  
Show
View Real Time Build Order
Export as new Build Order

Jonathas Protoss - Winner!

Build Orders: 1 Gate Expand 

Get SALT Encoding   

  12  0:01  Probe  
  13  0:13  Probe  
  14  0:18  Pylon  
  14  0:27  Probe  
  15  0:40  Probe  
  16  0:44  Gateway  
  16  0:52  Probe  
  17  1:02  Assimilator  
  17  1:04  Probe  
  18  1:16  Probe  
  19  1:33  Nexus  
  18  1:45  Cybernetics Core  
  18  1:48  Assimilator  
  18  1:49  Probe  
  18  1:52  Assimilator  
  19  2:00  Pylon  
  19  2:07  Probe (Chrono Boost)  
  20  2:19  Probe (Chrono Boost)  
  21  2:26  Probe (Chrono Boost)  
  22  2:33  Probe  
  22  2:37  Adept  
  25  2:39  Warp Gate  
  25  2:45  Probe  
  26  2:51  Pylon  
  26  2:57  Probe  
  28  2:58  Probe  
  28  3:09  Probe  
  28  3:10  Probe  
  28  3:11  Twilight Council  
  28  3:12  Adept  
  32  3:21  Robotics Facility  
  32  3:27  Probe x2  
  34  3:39  Probe x2  
  36  3:42  Pylon  
  36  3:49  Adept (Chrono Boost)  
  38  4:16  Adept (Chrono Boost)  
  38  4:24  Warp Prism  
  40  4:32  Gateway x2  
  40  4:35  Gateway  
  40  4:36  Gateway  
  40  4:37  Gateway  
  40  4:38  Pylon  
  40  4:41  Pylon  
  40  4:44  Pylon  
  40  4:46  Adept  
  40  4:48  Resonating Glaives (Chrono Boost)  
  42  4:58  Pylon  
  42  5:06  Pylon  
  37  5:48  Adept x5  
  46  6:14  Adept x4  
  46  6:15  Adept x2  
  50  6:41  Adept  
  50  6:42  Adept x5  
  60  7:06  Stalker x2  
  60  7:07  Stalker  
  66  7:09  Zealot  
  66  7:10  Zealot x2  
  68  7:42  Probe x2  
  68  7:54  Probe x2  
  42  8:30  Adept x3  
  42  8:31  Adept x3  
  54  8:40  Warp Prism, Gateway  
  56  8:42  Gateway  
  44  9:05  Stalker x3  
  50  9:17  Assimilator  
  50  9:18  Assimilator  
  50  9:21  Nexus  
  50  9:22  Probe x2  
  52  9:34  Probe x2  
  54  9:46  Probe x2  
  56  9:57  Pylon  
  56  9:58  Probe  
  56  9:59  Probe  
  58  10:00  Pylon  
  58  10:04  Pylon  
  58  10:07  Adept x2  
  58  10:08  Adept x2  
  58  10:09  Adept x2  
  58  10:10  Probe  
  58  10:11  Probe  
  64  11:00  Pylon  
  64  11:02  Pylon  
  64  11:12  Assimilator  
  64  11:14  Stalker x3  
  64  11:15  Stalker x5, Assimilator  
  72  11:49  Zealot x5  
  72  11:50  Zealot x2  
  72  11:51  Zealot  
  78  12:12  Stalker x5  
  78  12:13  Stalker  
  78  12:14  Stalker  
  50  13:22  Probe x3  
  53  13:27  Stalker  
  53  13:28  Stalker x5  
  53  13:29  Stalker x2  
  53  13:33  Immortal (Chrono Boost)  
  73  13:34  Probe  
  74  13:49  Charge (Chrono Boost)  
  74  13:55  Zealot x4  
  78  13:56  Zealot x4  
  78  14:02  Observer  
  89  14:23  Warp Prism, Adept x4  
  89  14:24  Adept x2  
  101  14:25  Adept x2  
  107  14:46  Pylon  
  107  14:50  Pylon  
  107  14:51  Adept  
  107  14:52  Adept x6  
  119  14:53  Adept  
  123  15:05  Probe x3  
  126  15:16  Stalker  
  126  15:17  Stalker x5, Probe x3  
  126  15:18  Stalker x2  
  144  15:29  Probe  
  145  15:51  Stalker x3  
  145  15:52  Stalker x5  
  161  16:17  Stalker x2  
Show
View Real Time Build Order
Export as new Build Order

WizardShades Protoss - Winner!

Build Orders: Phoenix Opening 

Get SALT Encoding   

  12  0:01  Probe  
  13  0:13  Probe  
  14  0:22  Pylon  
  14  0:25  Probe  
  15  0:34  Assimilator  
  15  0:41  Probe (Chrono Boost)  
  16  0:44  Gateway  
  17  0:50  Probe (Chrono Boost)  
  17  0:58  Probe (Chrono Boost)  
  18  1:11  Probe (Chrono Boost)  
  19  1:18  Probe (Chrono Boost)  
  20  1:25  Probe  
  21  1:31  Cybernetics Core  
  21  1:37  Probe  
  22  1:47  Nexus  
  22  1:55  Assimilator  
  22  2:12  Stargate  
  22  2:23  Pylon  
  22  2:32  Probe  
  23  2:40  Stargate  
  23  2:44  Probe  
  24  2:55  Phoenix (Chrono Boost)  
  26  2:58  Assimilator  
  26  3:00  Assimilator  
  26  3:03  Probe  
  26  3:04  Probe  
  28  3:11  Phoenix (Chrono Boost)  
  30  3:23  Probe x2  
  32  3:27  Phoenix (Chrono Boost)  
  34  3:35  Probe  
  34  3:38  Phoenix (Chrono Boost)  
  37  3:49  Probe x2  
  37  3:55  Phoenix  
  37  4:25  Phoenix  
  37  4:26  Phoenix  
  40  4:50  Phoenix (Chrono Boost)  
  40  4:51  Phoenix (Chrono Boost)  
  32  5:17  Probe  
  32  5:18  Probe  
  32  5:21  Phoenix x2 (Chrono Boost)  
  38  5:30  Probe  
  39  5:46  Phoenix  
  41  6:26  Phoenix x2 (Chrono Boost)  
  41  6:32  Probe, Forge  
  46  7:37  Pylon  
  46  7:50  Pylon  
  46  7:51  Pylon  
  48  8:00  Probe x2 (Chrono Boost)  
  48  8:03  Probe  
  49  8:08  Probe  
  46  8:47  Phoenix x2 (Chrono Boost)  
  50  8:50  Protoss Air Weapons Level 1  
  50  8:54  Probe x2  
  52  8:55  Fleet Beacon  
  52  9:02  Phoenix x2  
  56  9:06  Probe  
  53  9:32  Phoenix (Chrono Boost)  
  53  9:33  Phoenix (Chrono Boost)  
  57  9:45  Probe (Chrono Boost)  
  57  9:47  Phoenix  
  57  9:48  Anion Pulse-Crystals  
  61  9:56  Probe (Chrono Boost)  
  61  10:00  Phoenix  
  63  10:37  Phoenix x2 (Chrono Boost)  
  67  10:52  Phoenix, Probe (Chrono Boost)  
  70  10:57  Pylon  
  70  10:59  Pylon  
  70  11:00  Pylon  
  70  11:15  Phoenix, Probe  
  70  11:16  Phoenix  
  73  11:40  Phoenix  
  69  11:49  Phoenix (Chrono Boost)  
  63  12:05  Phoenix (Chrono Boost)  
  65  12:14  Phoenix (Chrono Boost)  
  67  12:21  Phoenix (Chrono Boost)  
  67  12:29  Phoenix (Chrono Boost)  
  67  12:51  Phoenix (Chrono Boost)  
  67  12:54  Phoenix (Chrono Boost)  
  71  13:06  Phoenix  
  71  13:36  Phoenix (Chrono Boost)  
  75  13:46  Phoenix (Chrono Boost)  
  75  13:51  Phoenix (Chrono Boost)  
  77  14:02  Phoenix (Chrono Boost)  
  77  14:16  Phoenix (Chrono Boost)  
  79  14:17  Pylon  
  79  14:18  Pylon  
  79  14:23  Phoenix (Chrono Boost)  
  81  14:31  Phoenix  
  83  14:41  Phoenix  
  83  14:43  Probe  
  83  14:44  Probe  
  87  14:56  Phoenix  
  89  15:07  Phoenix (Chrono Boost)  
  91  15:28  Phoenix (Chrono Boost)  
  93  15:31  Phoenix (Chrono Boost)  
  95  15:58  Nexus  
  93  16:35  Probe (Chrono Boost)  
  95  16:43  Pylon  
  95  16:45  Probe (Chrono Boost), Pylon  
  95  16:46  Probe (Chrono Boost)  
  96  17:07  Probe (Chrono Boost)  
  98  17:15  Gateway  
  98  17:16  Gateway  
  98  17:18  Probe (Chrono Boost), Gateway  
  98  17:19  Gateway  
  98  17:21  Gateway x2  
  98  17:25  Gateway  
Tags
 
Add a new tag
Caveats
  • Supply blocks, unpowered buildings, or Contaminate may cause inaccurate times.
  • Supply counts are checked every 10 seconds.